AoeStats
← OoginDoogin

Arabia

509534553Analyzed
1v1 RM · 6d ago on Sep 27, 2026· 55m 14s· 2 players
Game mode
Random Map
Map size
Tiny (2 player)
Population
200
Speed
Normal
Resources
Standard
Victory
Conquest
Starting age
Dark Age
Ending age
Imperial Age
RankedLock teamsTeams togetherTeam positionsShared explorationLock speedFull tech treeHidden civsTurbo modeCheats
Victory
Defeat
🇺🇸 Mongols · United States
949
+17
🇹🇼 Burgundians · Taiwan
974
-17
OoginDoogin
6:09 Loom
9:32 Feudal Age
14:16 Bloodlines
15:24 Double-Bit Axe
20:33 Castle Age
19:33 Horse Collar
20:35 Scale Barding Armor
20:44 Forging
25:23 Chain Barding Armor
26:10 Iron Casting
30:20 Fletching
30:31 Padded Archer Armor
33:02 Bow Saw
38:08 Imperial Age
36:17 Wheelbarrow
38:01 Bodkin Arrow
39:55 Parthian Tactics
40:37 Thumb Ring
41:13 Ballistics
42:08 Chemistry
46:39 Gold Mining
47:24 Light Cavalry
48:24 Husbandry
48:06 Elite Mangudai
49:14 Hussar
51:12 Blast Furnace
52:49 Conscription
54:57 Bracer
55:18 Leather Archer Armor
中國人來一隊
7:36 Double-Bit Axe
9:39 Loom
11:26 Feudal Age
19:38 Castle Age
20:05 Cavalier
25:51 Scale Barding Armor
31:29 Gold Mining
36:50 Imperial Age
34:55 Wheelbarrow
34:06 Town Watch
33:46 Pikeman
34:26 Squires
34:59 Squires
36:39 Masonry
36:49 Scale Mail Armor
37:38 Bow Saw
39:34 Chemistry
39:23 Elite Skirmisher
42:41 Treadmill Crane
43:09 Husbandry
42:30 Light Cavalry
45:42 Architecture
44:50 Hussar
50:09 Bombard Tower
50:08 Chain Mail Armor
50:04 Forging
50:15 Chain Barding Armor
50:54 Gold Shaft Mining
50:10 Stone Mining
53:21 Ballistics
Connection lost

Rejoining the realm…

Still unreachable

The connection could not be restored.

Session expired

The server has moved on; the page needs a fresh start.